 Dungeon Crawl Stone Soup version 0.17-a0-1738-g82cdc46 (webtiles) character file.

1406 kae the Cleaver (level 8, -1/64 HPs)
             Began as a Hill Orc Fighter on Aug 30, 2015.
             Was a Follower of Qazlal.
             Killed from afar by an electric eel (7 damage)
             ... with a bolt of electricity
             ... on level 7 of the Dungeon.
             The game lasted 00:06:49 (5903 turns).

kae the Cleaver (Hill Orc Fighter)                  Turns: 5903, Time: 00:06:49

Health: -1/64      AC:  8    Str: 21    XL:     8   Next: 70%
Magic:  8/8        EV:  7    Int:  8    God:    Qazlal [*.....]
Gold:   318        SH: 10    Dex: 10    Spells: 0 memorised, 7 levels left

rFire  . . .     SeeInvis .     a - +1 war axe
rCold  . . .     Clarity  .     b - +0 scale mail
rNeg   . . .     SustAt   .     c - +0 shield
rPois  .         Gourm    .     (helmet restricted)
rElec  .         Spirit   .     n - +0 cloak
rCorr  .         Warding  .     (no gloves)
rMut   .         Stasis   .     (no boots)
MR     .....                    (no amulet)
Stlth  ..........               (no ring)
                                (no ring)

@: not resistant to hostile enchantments, extremely unstealthy
A: horns 1, sense surroundings 1
a: Renounce Religion


You were on level 7 of the Dungeon.
You worshipped Qazlal.
Qazlal was aware of your devotion.
You were hungry.

You visited 1 branch of the dungeon, and saw 7 of its levels.

You collected 346 gold pieces.
You spent 28 gold pieces at shops.

Inventory:

Hand weapons
 a - a +1 war axe (weapon)
Armour
 b - a +0 scale mail (worn)
 c - a +0 shield (worn)
 n - a +0 cloak (worn)
 D - a +0 pair of gloves
Jewellery
 h - a cursed ring of loudness {unknown}
 t - a cursed amulet of inaccuracy
Magical devices
 w - a wand of slowing (22)
 y - a wand of paralysis (15)
Scrolls
 d - 2 scrolls of identify
 i - a scroll of remove curse
 m - 3 scrolls of enchant weapon
 o - 3 scrolls of amnesia
 s - a scroll of enchant armour {unknown}
 v - a scroll of summoning {unknown}
 B - a scroll of recharging {unknown}
Potions
 e - a potion of poison {unknown}
 g - a potion of brilliance
 j - 2 potions of degeneration {unknown}
 l - a potion of resistance {unknown}
 p - 5 potions of curing {unknown}
 q - a potion of agility {unknown}
 x - 2 potions of cancellation {unknown}
Books
 A - a book of the Tempests

   Spells                             Type                      Level
   a - Static Discharge               Conjuration/Air              3
   b - Lightning Bolt                 Conjuration/Air              5
   c - Fireball                       Conjuration/Fire             5
   d - Tornado                        Air                          9
   e - Shatter                        Earth                        9
Comestibles
 f - a beef jerky
 k - 2 royal jellies
 r - 2 meat rations
 u - 18 fruits
 z - 2 bread rations


   Skills:
 - Level 3.6 Fighting
 + Level 13.2 Axes
 - Level 3.2 Armour
 - Level 3.2 Shields


You had 7 spell levels left.
You didn't know any spells.

Dungeon Overview and Level Annotations

Branches:
Dungeon (7/15)             Temple (0/1) D:4

Altars:
Ashenzari
Cheibriados
Dithmenos
Kikubaaqudgha
Makhleb
Nemelex Xobeh
Qazlal
Trog
Zin

Shops:
D:4 =   D:7 [

Annotations:
D:4 2 exclusions


Innate Abilities, Weirdness & Mutations

You have a pair of small horns on your head.
You passively map a small area around you.


Message History

The centaur skeleton hits you but does no damage.
You slash the centaur skeleton!
You destroy the centaur skeleton!
Qazlal accepts your kill.
The electric eel shoots out a bolt of lightning at you!
The bolt of electricity hits you!
The electric eel shoots out a bolt of lightning at you!
The bolt of electricity hits you!
Unknown command.
Unknown command.
The electric eel shoots out a bolt of lightning at you!
The bolt of electricity hits you!
The electric eel shoots out a bolt of lightning at you!
The bolt of electricity hits you! x2
* * * LOW HITPOINT WARNING * * *
Drink which item? (? for menu, Esc to quit)
Okay, then.
The electric eel shoots out a bolt of lightning at you!
The bolt of electricity hits you!
You die...

#≈≈# ##.≈≈ ≈≈
*#≈## ≈#≈≈≈###.# ,
##.##### #≈...#...
, *
##....###........
, #)...'.#........
#...('.'........
**
##....###........
*
##.#####*#....#.).
, , #@##
≈##≈.###.# ##≈≈#
≈≈##≈≈.#≈≈≈ * ,,
,#≈§;#*
≈≈≈≈##≈≈≈≈≈≈ *
#≈≈≈#≈≈≈≈≈≈
##.#≈.≈ ,
,#≈≈≈#≈≈≈≈≈≈
##..#. ,
,#≈≈≈≈≈≈≈≈≈≈≈
≈##.## *
#≈≈≈≈≈≈≈≈≈≈ ≈≈
##(# , #≈≈≈≈≈≈#.≈≈
≈≈ ≈##. ,#≈≈≈≈≈≈#
.≈ , ##


You could see an electric eel.

Vanquished Creatures
  Menkaure (D:6)
  A sky beast (D:5)
  An orc warrior (D:6)
  2 ogres
  2 centaurs
  A giant frog (D:6)
  The ghost of cmdexe the Skirmisher, a weakling DsFi (D:3)
  An electric eel (D:7)
  A hound (D:6)
  A giant frog zombie (D:5)
  3 orc priests
  2 centaur skeletons (D:7)
  A giant frog skeleton (D:5)
  4 worker ants
  2 hound skeletons
  2 worker ant zombies
  6 adders
  4 gnolls
  2 shadow imps
  5 worms
  2 giant geckos
  16 orcs
  6 giant cockroaches
  4 goblins (D:2)
  6 hobgoblins
  10 jackals
  8 kobolds
  A quokka (D:5)
  A ball python (D:1)
  7 bats
  7 giant newts
  A jackal skeleton (D:5)
  15 rats
127 creatures vanquished.

Notes
Turn   | Place    | Note
--------------------------------------------------------------
     0 | D:1      | kae the Hill Orc Fighter began the quest for the Orb.
     0 | D:1      | Reached XP level 1. HP: 19/19 MP: 1/1
   112 | D:1      | Reached XP level 2. HP: 16/26 MP: 2/2
   427 | D:1      | Reached skill level 4 in Axes
   772 | D:1      | Gained mutation: You passively map a small area around you. [potion of beneficial mutation]
   773 | D:1      | Gained mutation: You have a pair of small horns on your head. [potion of beneficial mutation]
   797 | D:2      | Found a shattered altar of Ashenzari.
   802 | D:2      | Reached XP level 3. HP: 31/31 MP: 3/3
  1140 | D:2      | Reached skill level 5 in Axes
  1184 | D:2      | Found a sparkling altar of Nemelex Xobeh.
  1772 | D:3      | Reached XP level 4. HP: 25/39 MP: 4/4
  2472 | D:3      | Reached skill level 6 in Axes
  2497 | D:3      | Noticed cmdexe's ghost (weakling DsFi)
  2540 | D:3      | Killed cmdexe's ghost
  2540 | D:3      | Reached XP level 5. HP: 45/45 MP: 5/5
  2712 | D:3      | Reached skill level 7 in Axes
  2935 | D:4      | Found Teranora's Jewellery Shop.
  2945 | D:4      | Bought a cursed amulet of inaccuracy for 28 gold pieces
  2959 | D:4      | Noticed a centaur
  2971 | D:4      | Killed a centaur
  2971 | D:4      | Reached skill level 8 in Axes
  2971 | D:4      | Reached XP level 6. HP: 36/51 MP: 6/6
  3092 | D:4      | Noticed an ogre
  3317 | D:4      | Found a staircase to the Ecumenical Temple.
  3336 | D:4      | Killed an ogre
  3336 | D:4      | Reached skill level 9 in Axes
  3370 | D:4      | Found a glowing silver altar of Zin.
  3471 | D:4      | Noticed a moth of wrath
  3474 | D:4      | Found a bloodstained altar of Trog.
  3678 | D:5      | Entered Level 5 of the Dungeon
  3779 | D:5      | Reached XP level 7. HP: 44/57 MP: 7/7
  3790 | D:5      | Reached skill level 10 in Axes
  4163 | D:5      | Found a burning altar of Makhleb.
  4184 | D:5      | Found a snail-covered altar of Cheibriados.
  4365 | D:5      | Found an ancient bone altar of Kikubaaqudgha.
  4366 | D:5      | Found a shadowy altar of Dithmenos.
  4368 | D:5      | Found a stormy altar of Qazlal.
  4435 | D:5      | Became a worshipper of Qazlal Stormbringer
  4556 | D:6      | Reached skill level 11 in Axes
  4711 | D:6      | Reached XP level 8. HP: 6/64 MP: 8/8
  5109 | D:6      | Reached skill level 12 in Axes
  5146 | D:6      | Noticed Menkaure
  5150 | D:6      | Acquired Qazlal's first power
  5154 | D:6      | Killed Menkaure
  5553 | D:7      | Found Buenurcho's Armour Boutique.
  5572 | D:7      | Reached skill level 13 in Axes
  5903 | D:7      | Killed from afar by an electric eel

Vault maps used:
D:1:      minmay_arrival_stone_box, minmay_unequal
D:2:      evilmike_ruin_ashenzari, nemelex_deck
D:3:      first_bread
D:4:      zin_academy, tgw_trog, minmay_temple_entry_butterflies, serial_shops,
          shop_statue, dk_vineyard_3, minmay_tree_intersection
D:5:      cheibriados_altar_wand_db, lemuel_crystal_altar, minitemple
D:6:      uniq_menkaure
D:7:      wad_lake_hut, nicolae_tso_swordbearing_angel, serial_shops,
          nicolae_shop_trees

Action                   |  1- 3 |  4- 6 |  7- 9 || total
-------------------------+-------+-------+-------++-------
Melee: War axe           |   129 |   126 |   143 ||   398
  Use: Scroll            |     6 |     2 |       ||     8
       Potion            |     2 |     1 |       ||     3
  Eat: Chunk             |     2 |     2 |     7 ||    11
       Bread ration      |       |     1 |       ||     1
